 Dungeon Crawl Stone Soup version 0.22.1-2-g9c5b331383 (webtiles) character file.

74 Knicklaso the Chiller (level 4, -4/32 HPs)
             Began as a Merfolk Ice Elementalist on Dec 12, 2018.
             Slain by Sigmund
             ... wielding a +3 scythe of protection
              (6 damage)
             ... on level 2 of the Dungeon.
             The game lasted 00:05:37 (2211 turns).

Knicklaso the Chiller (Merfolk Ice Elementalist)    Turns: 2211, Time: 00:05:38

Health: -4/32      AC:  2    Str:  8    XL:     4   Next: 30%
Magic:  4/7        EV: 14    Int: 15    God:
Gold:   117        SH:  0    Dex: 18    Spells: 3/7 levels left

rFire    . . .     SeeInvis .   a - +2 dagger (speed)
rCold    . . .     Gourm    .   (no shield)
rNeg     . . .     Faith    .   g - +0 robe
rPois    .         Spirit   .   (no helmet)
rElec    .         Reflect  .   (no cloak)
rCorr    .         Harm     .   (no gloves)
MR       .....                  (no boots)
Stlth    +.........             i - amulet of rage
HPRegen  0.10/turn              s - +4 ring of dexterity
MPRegen  0.10/turn              (no ring)

@: confused
A: change form in water, swift swim, stealthy swim
a: Evoke Berserk Rage


You were on level 2 of the Dungeon.
You were very hungry.

You visited 1 branch of the dungeon, and saw 2 of its levels.

You collected 117 gold pieces.

Inventory:

Hand Weapons
 a - a +2 dagger of speed (weapon)
 b - a +0 hunting sling
Missiles
 e - 64 stones (quivered)
Armour
 g - a +0 robe (worn)
Jewellery
 i - an amulet of rage (around neck)
 s - a +4 ring of dexterity (left hand)
Scrolls
 j - 3 scrolls of remove curse
 n - 3 scrolls of identify {unknown}
 o - a scroll of fear {unknown}
 p - 2 scrolls of immolation {unknown}
 q - a scroll of noise {unknown}
 r - a scroll of random uselessness {unknown}
 u - a scroll of magic mapping {unknown}
Potions
 d - a potion of heal wounds {unknown}
 f - 2 potions of might {unknown}
 k - 2 potions of flight {unknown}
 l - a potion of berserk rage {unknown}
 m - a potion of agility {unknown}
 t - a potion of haste {unknown}
Comestibles
 c - 6 rations


   Skills:
 + Level 1.6 Fighting
 + Level 3.6 Dodging
 - Level 2.1 Stealth
 + Level 2.4 Spellcasting
   Level 0.7 Conjurations
 * Level 4.3 Ice Magic


You had 3 spell levels left.
You knew the following spells:

 Your Spells              Type           Power        Failure   Level  Hunger
a - Freeze                Ice            ##..         3%          1    #......
b - Ozocubu's Armour      Chrm/Ice       #.......     26%         3    ###....

Your spell library contained the following spells:

 Spells                   Type           Power        Failure   Level  Hunger
 Throw Frost              Conj/Ice       #.....       12%         2    ###....
 Throw Icicle             Conj/Ice       #.......     58%         4    #####..
 Summon Ice Beast         Ice/Summ       #.......     65%         4    #####..


Dungeon Overview and Level Annotations

Branches:
Dungeon (2/15)

Altars:

Annotations:
D:2 Sigmund


Message History

Sigmund flickers and vanishes!
Deactivating autopickup; reactivate with Ctrl-A.
Casting: Freeze (safe; 3% risk of failure)
Confirm with . or Enter, or press ? or * to list all spells.
A film of ice covers your body!
You hear some strange, mumbled words.
A puff of flame appears from out of thin air!
The puff of flame hits you! The heat melts your icy armour.
You miss something. Something hits you!
You barely miss something. You hit something but do no damage.
Something hits you!
* * * LOW HITPOINT WARNING * * *
You hit something. You hit something.
You hear some strange, mumbled words.
You are confused.
Your icy armour cracks and falls away as you move.
Something hits you.
You die...

#.<# #.##......
###########.#########.##.#####
...........)...........#.#####
########...@.......).........#
#.###..#######..#.###.# #.#
##.# ####.=#.# #.# #.####{#
#.....#.###'# #.#....##
#.##.##.##...
#.#...@.###.##.##.##...
#.#.........##.##.##...
#########
#.#.........##[##.###'#
#...(...###.#.........##.##.#
#..
#.....(...g.....##'##.......#
###
.....(..............####.####
...(..........####..# #.#
.((############ #..# #.# ..
#..## #.#


There were no monsters in sight!

Vanquished Creatures
  2 adders (D:2)
  An ooze (D:2)
  3 worms (D:2)
  2 dart slugs
  A leopard gecko (D:2)
  4 giant cockroaches
  8 goblins
  4 hobgoblins
  A quokka (D:2)
  A ball python (D:1)
  4 bats
  2 frilled lizards (D:2)
  4 kobolds
  3 rats
40 creatures vanquished.

Notes
Turn   | Place    | Note
-------+----------+-------------------------------------------
     0 | D:1      | Knicklaso the Merfolk Ice Elementalist began the quest for
                  | the Orb.
     0 | D:1      | Reached XP level 1. HP: 13/13 MP: 3/3
   210 | D:1      | Reached XP level 2. HP: 18/20 MP: 5/5
   781 | D:1      | Reached skill level 1 in Fighting
   974 | D:2      | Reached XP level 3. HP: 26/26 MP: 6/6
  1036 | D:2      | Reached skill level 4 in Ice Magic
  1628 | D:2      | Reached XP level 4. HP: 30/32 MP: 7/7
  1644 | D:2      | Learned a level 3 spell: Ozocubu's Armour
  2147 | D:2      | Noticed Sigmund
  2211 | D:2      | Slain by Sigmund

Skill      XL: |  1  2  3 |
---------------+----------+-----
Dodging        | 3 |  3.6
Fighting       | 1 |  1.6
Ice Magic      | 4 |  4.3
Stealth        | |  2.1
Spellcasting   | |  2.4
Conjurations   | |  0.7

Action                   |  1- 3 |  4- 6 || total
-------------------------+-------+-------++-------
Melee: Dagger            |    61 |    29 ||    90
       Unarmed           |     1 |       ||     1
 Fire: Hunting sling     |    49 |    10 ||    59
Throw: Stone             |     3 |       ||     3
 Cast: Freeze            |    10 |     5 ||    15
       Ozocubu's Armour  |       |     1 ||     1
  Use: Scroll            |     1 |       ||     1
  Eat: Chunk             |     2 |     1 ||     3
Armor: Robe              |     9 |     1 ||    10
Dodge: Dodged            |    31 |     6 ||    37
